 Dungeon Crawl Stone Soup version 0.26-a0-660-gc07710193c (webtiles) character file.

Game seed: 16050055529094045449

40 muata the Digger (level 3, 17/20 HPs)
             Began as a Gargoyle Earth Elementalist on Oct 7, 2020.
             Quit the game on level 2 of the Dungeon on Oct 20, 2020.
             The game lasted 00:05:38 (1535 turns).

muata the Digger (Gargoyle Earth Elementalist)      Turns: 1535, Time: 00:05:38

Health: 17/20      AC:  5    Str: 11    XL:     3   Next: 50%
Magic:  1/6        EV: 12    Int: 16    God:
Gold:   19         SH:  0    Dex: 10    Spells: 5/6 levels left

rFire    . . .     SeeInvis .   n - +0 dagger
rCold    . . .     Faith    .   (no shield)
rNeg     + . .     Spirit   .   c - +0 robe
rPois    ∞         Reflect  .   (no helmet)
rElec    +         Harm     .   (no cloak)
rCorr    .         Rampage  .   (no gloves)
MR       .....                  (no boots)
Stlth    ++........             (no amulet)
HPRegen  0.06/turn              (no ring)
MPRegen  0.10/turn              (no ring)

@: no status effects
A: negative energy resistance 1, electricity resistance, unbreathing,
petrification resistance, rot immunity, AC +3
a: no special abilities


You were on level 2 of the Dungeon.
You visited 1 branch of the dungeon, and saw 2 of its levels.

You collected 19 gold pieces.

Inventory:

Hand Weapons
 n - a +0 dagger (weapon)
Missiles
 a - 32 poisoned darts
 b - 11 stones (quivered)
Armour
 c - a +0 robe (worn)
Jewellery
 j - an uncursed ring of poison resistance {unknown}
Scrolls
 f - a scroll of identify {unknown}
 g - a scroll of enchant weapon {unknown}
 k - a scroll of amnesia {unknown}
 l - a scroll of fog {unknown}
Potions
 d - a potion of stabbing {unknown}
 h - a potion of magic {unknown}
 i - a potion of degeneration {unknown}
 m - a potion of curing {unknown}


   Skills:
 + Level 1.3 Fighting
 - Level 1.7 Dodging
 + Level 2.8 Stealth
 + Level 2.4 Spellcasting
   Level 0.7 Transmutations
 + Level 4.1 Earth Magic


You had 5 spell levels left.
You knew the following spells:

 Your Spells              Type           Power        Failure   Level
a - Sandblast             Erth           ###...       3%          1

Your spell library contained the following spells:

 Spells                   Type           Power        Failure   Level
 Passwall                 Tmut/Erth      #.......     11%         2
 Stone Arrow              Conj/Erth      #.....       26%         3
 Petrify                  Tmut/Erth      #.......     58%         4
 Lee's Rapid Deconstruct  Erth           ###.......   71%         5


Dungeon Overview and Level Annotations

Branches:
Dungeon (2/15)

Altars:


Innate Abilities, Weirdness & Mutations

You are resistant to torment.
Your stone body is resilient. (AC +3)
You are immune to poison.
You resist negative energy. (rN+)
You are resistant to electric shocks. (rElec)
You can survive without breathing.
You are immune to petrification.
You are immune to rotting.


Message History

You hit the ooze but do no damage.
The ooze is severely wounded.
The ooze misses you.
You hit the ooze.
The ooze is almost dead.
The ooze misses you.
You hit the ooze but do no damage.
The ooze is almost dead.
The ooze hits you.
You hit the ooze.
The ooze is almost dead.
The ooze closely misses you.
You hit the ooze.
You kill the ooze!
You see here a bat corpse.
b - 10 stones (gained 1)
b - 11 stones (gained 1) Welcome back, muata the Gargoyle Earth Elementalist.
Press ? for a list of commands and other information.
Are you sure you want to abandon this character and quit the game? (Confirm with "yes".)

.. .... ... ...
.... .. ....#####.
#......#####..
#.#.#...........
#..........# .
###.......)####...#
#######@..†.)......
#..................
#.###.#.#######.#..
#........†....# #
##.###.#######.#
+........#
######.#.# #.#.#
#.#.#


There were no monsters in sight!

Vanquished Creatures
  An ooze (D:2)
  3 leopard geckos (D:1)
  3 bats
  2 giant cockroaches (D:1)
  6 goblins
  2 hobgoblins (D:1)
  5 jackals (D:1)
  2 kobolds
  4 rats
28 creatures vanquished.

Notes
Turn   | Place    | Note
-------+----------+-------------------------------------------
     0 | D:1      | muata the Gargoyle Earth Elementalist began the quest for
                  | the Orb.
     0 | D:1      | Reached XP level 1. HP: 10/10 MP: 3/3
   170 | D:1      | Reached XP level 2. HP: 3/16 MP: 0/5
   953 | D:1      | Reached skill level 1 in Fighting
   953 | D:1      | Reached skill level 4 in Earth Magic
   976 | D:1      | Reached XP level 3. HP: 16/20 MP: 0/6
  1535 | D:2      | Quit the game

Illustrated notes

Levels and vault maps discovered:
D:1:      minmay_arrival_glassed_features, layout_basic,
          chequers_serial_rivers_micro_d
D:2:      layout_basic, overflow_temple_1_default, elyvilon_altar_5

Skill      XL: |  1  2 |
---------------+-------+-----
Fighting       | 1 |  1.3
Earth Magic    | 4 |  4.1
Dodging        | |  1.7
Stealth        | |  2.8
Spellcasting   | |  2.4
Transmutations | |  0.7

Action                   || total
-------------------------++-------
Melee: Unarmed           ||    34
       Whip              ||    52
       Dagger            ||    25
 Cast: Sandblast         ||    26
Armor: Robe              ||    39
Dodge: Dodged            ||    91

Table legend: (Time is in decaauts)
 A = Elapsed time spent in this place.
 B = Non-inter-level travel time spent in this place.
 C = Inter-level travel time spent in this place.
 D = Time resting spent in this place.
 E = Time spent auto-exploring this place.
 F = Levels seen in this place.
 G = Mean time per level.
                   A        B        C        D        E       F      G
               +--------+--------+--------+--------+--------+-----+--------+
         Total |   1539 |   1528 |     11 |    699 |    500 |   2 |  769.5 |
       Dungeon |   1539 |   1528 |     11 |    699 |    500 |   2 |  769.5 |
               +--------+--------+--------+--------+--------+-----+--------+

Top non-repeatable levels by time:
     D:1: 1477 daAuts
     D:2: 61 daAuts
